 Dungeon Sprint DCSS version 0.17-a0-2122-g03d97ec (webtiles) character file.

28 Kidiri the Sneak (level 3, 0/24 HPs)
             Began as a Spriggan Enchanter on Oct 21, 2015.
             Drowned by a water elemental (3 damage)
             ... in the Dungeon (Sprint III: "The Ten Rune Challenge").
             The game lasted 00:02:43 (472 turns).

Kidiri the Sneak (Spriggan Enchanter)                Turns: 472, Time: 00:02:43

Health: 0/24       AC:  3    Str:  7    XL:     3   Next: 0%
Magic:  0/9        EV: 20    Int: 18    God:
Gold:   19         SH:  0    Dex: 17    Spells: 4 memorised, 1 level left

rFire  . . .     SeeInvis +     a - +1 dagger
rCold  . . .     Clarity  .     b - +1 robe
rNeg   . . .     SustAt   .     (shield restricted)
rPois  .         Gourm    .     (helmet restricted)
rElec  .         Spirit   .     (no cloak)
rCorr  .         Warding  .     (gloves unavailable)
rMut   .         NoTele   +     (boots unavailable)
MR     .....                    (no amulet)
Stlth  ..........               (no ring)
                                (no ring)

@: berserking, engulfed (cannot breathe), very quick, not resistant to hostile
enchantments, extremely unstealthy
A: unfitting armour, see invisible, clever 1, herbivore 3, speed 3, sense
surroundings 1, slow metabolism 2, weak 1
a: no special abilities


You were in the Dungeon.
You were not hungry.

You visited 1 branch You collected 19 gold pieces.

Inventory:

Hand Weapons
 a - a +1 dagger (weapon)
Armour
 b - a +1 robe (worn)
Scrolls
 j - a scroll of blinking
 k - 2 scrolls of fear {unknown}
 n - a scroll of torment
 s - a scroll of holy word {unknown}
 t - 2 scrolls of remove curse
Potions
 e - a potion of curing
 f - a potion of heal wounds
 g - a potion of haste
 h - 2 potions of magic
 l - a potion of might
 q - a potion of cure mutation
 r - 4 potions of flight
Books
 c - a book of Maledictions

   Spells                             Type                      Level
   a - Corona                         Hexes                        1
   b - Ensorcelled Hibernation        Hexes/Ice                    2
   c - Confuse                        Hexes                        3
   d - Tukima's Dance                 Hexes                        3
   e - Dazzling Spray                 Conjuration/Hexes            3
Comestibles
 d - a bread ration
 p - 2 royal jellies


   Skills:
 * Level 2.9 Short Blades
 + Level 0.9 Armour
 * Level 4.9 Dodging
 * Level 6.1 Stealth
 * Level 4.0 Spellcasting
 + Level 0.0 Conjurations
 + Level 4.1 Hexes
 + Level 0.7 Ice Magic


You had one spell level left.
You knew the following spells:

 Your Spells              Type           Power        Failure   Level  Hunger
a - Corona                Hex            ###....      2%          1    None
b - Ensorcelled Hibernat  Hex/Ice        ##....       12%         2    ##.....
c - Confuse               Hex            ###.....     10%         3    ###....
e - Dazzling Spray        Conj/Hex       ##......     21%         3    ###....


Dungeon Overview and Level Annotations

Branches:
Dungeon (1/1)

Altars:


Innate Abilities, Weirdness & Mutations

You are tiny and cannot use many weapons and most armour.
You have supernaturally acute eyesight.
You are a herbivore.
You cover ground extremely quickly.
You need consume almost no food.
Your mind is acute. (Int +2)
You passively map a small area around you.
You are weak. (Str -2)


Message History

The water elemental closely misses you.
You hit the water elemental.
The water elemental is moderately damaged.
The water elemental hits you.
The water elemental engulfs you in water!
You completely miss the water elemental.
The water elemental is moderately damaged.
Your lungs strain for air!
You closely miss the water elemental.
The water elemental is moderately damaged.
Your lungs strain for air!
The water elemental hits you!
* * * LOW HITPOINT WARNING * * *
You hit the water elemental.
The water elemental is heavily damaged.
* * * LOW HITPOINT WARNING * * *
Your lungs strain for air!
You hit the water elemental.
The water elemental is severely damaged.
You die...

▓▓▓ * ## ##.# *
.#####..#_ * _ *
..#..#..# * ,
..#..#..###+#+###+##
,
..##+#..#..........#
,
..###...'.⌠....E@..#
.####...#...######+#
* .###....#.⌠.# *
.##.....#...# *, *
.#......#+###__*
#.#.....# * ,
####....#__ ,+ *
▓▓▓▓▓▓* * * * ≈ , ,
,* ≈


You could see a water elemental.

Vanquished Creatures
  A human (D)
  An ooze (D)
  A phantom (D)
  3 rats (D)
6 creatures vanquished.

Vanquished Creatures (others)
  2 draconian scorchers (D)
  A yaktaur (D)
3 creatures vanquished.

Grand Total: 9 creatures vanquished

Notes
Turn   | Place    | Note
--------------------------------------------------------------
     0 | D        | Kidiri the Spriggan Enchanter began the quest for the Orb.
     0 | D        | Reached XP level 1. HP: 9/9 MP: 5/5
    11 | D        | Reached skill level 5 in Stealth
   196 | D        | Killed a white draconian scorcher
   274 | D        | Reached XP level 2. HP: 11/13 MP: 4/7
   278 | D        | Learned a level 2 spell: Ensorcelled Hibernation
   334 | D        | Killed a white draconian scorcher
   347 | D        | Reached skill level 6 in Stealth
   347 | D        | Reached XP level 3. HP: 14/16 MP: 0/9
   352 | D        | Learned a level 3 spell: Confuse
   356 | D        | Learned a level 3 spell: Dazzling Spray
   363 | D        | Killed a yaktaur
   444 | D        | Gained mutation: Your magical capacity is low (-10% MP). [potion of mutation]
   444 | D        | Gained mutation: Your muscles are strong. (Str +2) [potion of mutation]
   445 | D        | Lost mutation: Your muscles are strong. (Str +2) [potion of cure mutation]
   445 | D        | Lost mutation: Your magical capacity is low (-10% MP). [potion of cure mutation]
   446 | D        | Gained mutation: You are weak. (Str -2) [potion of mutation]
   446 | D        | Gained mutation: You passively map a small area around you. [potion of mutation]
   446 | D        | Gained mutation: Your mind is acute. (Int +2) [potion of mutation]
   455 | D        | Noticed a water elemental
   472 | D        | Drowned by a water elemental

Vault maps used:
D:        dungeon_sprint_mu

Action                   || total
-------------------------++-------
Melee: Dagger            ||    44
 Cast: Corona            ||     4
       Ensorcelled Hiber ||     2
       Dazzling Spray    ||     3
  Use: Potion            ||     4
       Scroll            ||     3
 Stab: Sleeping          ||     4
